Map: Ley Lines

Players

KimChiLoVer - Winner!

  • Race: Terran Terran
  • League: Diamond
  • Spawn Location: 1:00

VOD

Have the link to the VOD?

Description

Time

  • Played on: Aug. 23, 2025, 10:53 a.m.
  • Length: 10:22
Show
View Real Time Build Order
Export as new Build Order

KimChiLoVer Terran - Winner!

Build Orders: Reaper Expand 

Get SALT Encoding   

  12  0:02  SCV  
  12  0:20  Supply Depot  
  12  0:22  SCV  
  12  0:34  SCV  
  12  0:44  Barracks  
  12  0:47  SCV  
  12  0:48  Refinery  
  12  0:59  SCV  
  12  1:11  SCV  
  12  1:23  SCV  
  12  1:34  Reaper  
  12  1:35  Orbital Command  
  12  1:42  Command Center  
  12  1:51  Supply Depot  
  12  2:01  SCV  
  12  2:08  Factory, Marine  
  12  2:13  Refinery  
  12  2:14  SCV  
  12  2:29  Barracks  
  12  2:33  Barracks  
  12  2:36  SCV  
  12  2:42  Barracks Reactor  
  12  2:48  SCV  
  12  2:52  Factory Tech Lab  
  12  2:59  Orbital Command  
  12  3:00  SCV  
  12  3:12  SCV  
  12  3:24  SCV  
  12  3:26  Command Center  
  12  3:31  Stimpack  
  12  3:34  SCV  
  12  3:42  Starport  
  12  3:43  Factory Reactor  
  12  3:47  SCV  
  12  3:48  SCV  
  12  3:54  Marine x2  
  12  3:55  Marine  
  12  4:02  Engineering Bay  
  12  4:05  Engineering Bay  
  12  4:06  Marine  
  12  4:11  SCV x2  
  12  4:12  Marine  
  12  4:16  Marine x2  
  12  4:27  Medivac x2  
  12  4:32  Terran Infantry Weapons Level 1, Supply Depot  
  12  4:38  Terran Infantry Armor Level 1  
  12  4:40  Orbital Command  
  12  4:44  SCV  
  12  4:45  SCV  
  12  4:50  Factory Tech Lab  
  12  4:52  Barracks  
  12  4:56  SCV  
  12  5:00  Barracks  
  12  5:04  Marine x3  
  12  5:07  SCV  
  12  5:08  SCV  
  12  5:10  SCV  
  12  5:19  Marine, SCV  
  12  5:20  SCV  
  12  5:23  Siege Tank  
  12  5:26  Refinery  
  12  5:27  Refinery, SCV  
  12  5:33  Armory, SCV  
  12  5:36  Orbital Command  
  12  5:38  Barracks Tech Lab  
  12  5:39  Combat Shield  
  12  5:42  Marine  
  12  5:43  Marine x3  
  12  5:47  SCV  
  12  5:51  SCV  
  12  5:54  Barracks Reactor  
  12  5:59  SCV  
  12  6:00  Marine x2  
  12  6:01  Marine, Siege Tank  
  12  6:03  SCV x2  
  12  6:11  SCV, Supply Depot  
  12  6:13  Supply Depot  
  12  6:16  Marine x2, SCV  
  12  6:18  Marine, Medivac  
  12  6:19  Medivac  
  12  6:34  Marine x4  
  12  6:41  Marine x2  
  12  6:42  Marine  
  12  6:43  Siege Tank  
  12  6:45  Terran Infantry Weapons Level 2  
  12  6:50  Refinery  
  12  6:51  Marine  
  12  6:52  Refinery  
  12  6:57  Terran Infantry Armor Level 2  
  12  7:04  SCV  
  12  7:05  SCV x2  
  12  7:14  Barracks  
  12  7:16  Barracks x2, Supply Depot x2  
  12  7:17  SCV x2  
  12  7:20  Terran Vehicle And Ship Armor Level 1  
  12  7:26  Viking x2, SCV  
  12  7:27  Supply Depot  
  12  7:29  SCV x2  
  12  7:31  Marine  
  12  7:33  Barracks Tech Lab  
  12  7:38  Marine, Marauder x2  
  12  7:44  Supply Depot  
  12  7:47  Supply Depot  
  12  7:48  SCV x2  
  12  7:50  Marine x2  
  12  7:52  Concussive Shells  
  12  7:56  Siege Tank  
  12  7:59  SCV  
  12  8:00  Marauder x2, SCV  
  12  8:05  SCV  
  12  8:11  SCV  
  12  8:12  Barracks Reactor, Barracks Tech Lab, SCV  
  12  8:13  Marine  
  12  8:14  Marine x3, Marauder  
  12  8:21  Starport, Marauder  
  12  8:25  Marine x2, Supply Depot  
  12  8:27  Supply Depot  
  12  8:31  Viking  
  12  8:33  Viking  
  12  8:40  Marine x3  
  12  8:52  Marauder x2  
  12  8:55  Barracks Reactor  
  12  8:56  Marine x3  
  12  8:59  Command Center  
  12  9:00  SCV  
  12  9:03  Supply Depot  
  12  9:04  Supply Depot  
  12  9:06  SCV  
  12  9:07  SCV  
  12  9:12  Starport Reactor  
  12  9:13  Viking, Medivac  
  12  9:21  Marine, Marauder  
  12  9:37  Marine x3, Marauder x2  
  12  9:38  Marine  
  12  9:40  Supply Depot, Siege Tank  
  12  9:41  Supply Depot  
  12  9:52  SCV x3  
  12  9:57  Marine x2, Marauder x2  
Tags
 
Add a new tag
Caveats
  • Supply blocks, unpowered buildings, or Contaminate may cause inaccurate times.
  • Supply counts are checked every 10 seconds.